 Dungeon Crawl Stone Soup version 0.29.1-14-g9c671dbff4 (webtiles) character file.

Game seed: 12898382115789930075

154 Descartes the Magician (level 5, -2/28 HPs)
             Began as a Deep Elf Fire Elementalist on Feb 18, 2023.
             Slain by a jackal (3 damage)
             ... on level 3 of the Dungeon.
             The game lasted 00:04:06 (3103 turns).

Descartes the Magician (Deep Elf Fire Elementalist) Turns: 3103, Time: 00:04:08

Health: -2/28      AC:  1    Str:  5    XL:     5   Next: 13%
Magic:  0/13       EV: 12    Int: 22    God:
Gold:   130        SH:  0    Dex: 15    Spells: 11/12 levels left

rFire   . . .      SeeInvis .   j - +0 sling
rCold   . . .      Faith    .   (no shield)
rNeg    . . .      Spirit   +   a - +0 robe
rPois   .          Reflect  .   (no helmet)
rElec   .          Harm     .   (no cloak)
rCorr   .          Rampage  .   (no gloves)
Will    .....                   (no boots)
Stlth   ++........              i - amulet of guardian spirit
HPRegen 0.09/turn               (no ring)
MPRegen 0.13/turn               (no ring)

@: no status effects
A: deformed body
a: no special abilities


You were on level 3 of the Dungeon.
You visited 1 branch of the dungeon, and saw 3 of its levels.

You collected 130 gold pieces.

Inventory:

Hand Weapons
 j - a +0 sling (weapon)
Armour
 a - a +0 robe (worn)
Jewellery
 i - an amulet of guardian spirit (around neck)
Scrolls
 c - a scroll of brand weapon {unknown}
 d - 2 scrolls of blinking {unknown}
 f - a scroll of magic mapping {unknown}
 g - 2 scrolls of enchant weapon {unknown}
 h - 2 scrolls of identify {unknown}
 l - a scroll of noise {unknown}
 m - a scroll of immolation {unknown}
 n - 2 scrolls of teleportation {unknown}
 o - a scroll of butterflies {unknown}
Potions
 b - a potion of magic
 k - a potion of heal wounds {unknown}


   Skills:
 - Level 2.4 Dodging
 - Level 2.4 Stealth
 + Level 4.2 Spellcasting
 + Level 2.6 Conjurations
 + Level 4.1 Fire Magic
 + Level 2.1 Poison Magic
 + Level 2.0 Evocations


You had 11 spell levels left.
You knew the following spells:

 Your Spells              Type           Power      Damage    Failure   Level
a - Foxfire               Conj/Fire      76%        2x1d7     2%          1

Your spell library contained the following spells:

 Spells                   Type           Power      Damage    Failure   Level
 Scorch                   Fire           44%        2d7       3%          2
 Conjure Flame            Conj/Fire      19%        6-21      9%          3
 Beastly Appendage        Tmut           8%         N/A       11%         1
 Inner Flame              Hex/Fire       13%        N/A       14%         3
 Wereblood                Tmut           4%         N/A       17%         2
 Spider Form              Tmut/Pois      9%         N/A       22%         3
 Flame Wave               Conj/Fire      19%        2d7       28%         4


Dungeon Overview and Level Annotations

Branches:
Dungeon (3/15)

Altars:
Nemelex Xobeh

Shops:
D:2 [   D:3 *


Innate Abilities, Weirdness & Mutations

Armour fits poorly on your strangely shaped body.


Message History

The jackal closely misses you.
The jackal bites you but does no damage.
The jackal attacks as you move away! The jackal misses you.
Items here: )) [ ††.
The jackal bites you.
* * * LOW HITPOINT WARNING * * *
The jackal attacks as you move away!
The jackal bites you but does no damage.
Unknown command.
The jackal attacks as you move away! The jackal closely misses you.
The jackal attacks as you move away! The jackal bites you.
* * * LOW HITPOINT WARNING * * *
The jackal attacks as you move away! The jackal bites you.
* * * LOW HITPOINT WARNING * * *
The jackal bites you.
* * * LOW HITPOINT WARNING * * *
There is an open door here.
The jackal attacks as you move away! The jackal bites you.
* * * LOW HITPOINT WARNING * * *
There is a shaft here.
The jackal falls through a shaft!
The shaft crumbles and collapses.
There is a shaft here.
The jackal falls through a shaft!
The shaft crumbles and collapses.
There is a sparkling altar of Nemelex Xobeh here.
There is a shaft here.
An orc comes into view. It is wielding a +0 dagger.
Casting: Foxfire (safe; 2% risk of failure)
Confirm with . or Enter, or press ? or * to list all spells.
You conjure some foxfire!
The orc shouts!
The jackal closely misses you. The jackal bites you.
* * * LOW HITPOINT WARNING * * *
It was a potion of mutation.
You feel extremely strange.
Your body twists and deforms.
The foxfire hits the jackal.
The jackal is lightly wounded.
The foxfire hits the orc.
The orc is lightly wounded.
The jackal bites you.
You die...

#.## ###...... #.#
##..... #.#######
#..... ##.#.....##
##.....
#....###..###...##..
##....##.##.....#...##
#....##.^.##...##.#.
#...##.._..##..##.####
#..##@h.^...##........
#.##....o...^##.>..###
#.#..o#####...#§..##
#.##.'#.#.#'.##...#
#..###..#..###....#
##.....###........# #
##.#.o..h........# #.
#......###########..
###........... ..#


You could see 3 orcs and a jackal.

Vanquished Creatures
  Ijyb (D:3)
  Natasha (twice) (D:2)
  2 adders
  A worm (D:2)
  2 dart slugs
  5 orcs (D:3)
  4 ball pythons
  5 endoplasms
  5 goblins
  6 hobgoblins
  A jackal (D:1)
  A quokka (D:1)
  3 bats (D:2)
  3 frilled lizards
  4 kobolds
  5 rats
50 creatures vanquished.

Vanquished Creatures (others)
  229 foxfires
229 creatures vanquished.

Grand Total: 279 creatures vanquished

Notes
Turn   | Place    | Note
-------+----------+-------------------------------------------
     0 | D:1      | Descartes the Deep Elf Fire Elementalist began the quest
                  | for the Orb.
     0 | D:1      | Reached XP level 1. HP: 10/10 MP: 6/6
   130 | D:1      | Found a faded altar of an unknown god.
   250 | D:1      | Reached XP level 2. HP: 15/15 MP: 5/8
   648 | D:1      | Reached skill level 1 in Poison Magic
  1319 | D:2      | Noticed Natasha
  1326 | D:2      | Killed Natasha
  1327 | D:2      | Reached skill level 1 in Evocations
  1327 | D:2      | Reached XP level 3. HP: 15/19 MP: 3/10
  1832 | D:2      | Found Vanwich's Antique Armour Emporium.
  1911 | D:2      | Reached XP level 4. HP: 21/24 MP: 5/11
  2365 | D:2      | Noticed Natasha
  2370 | D:2      | Killed Natasha
  2553 | D:3      | Found Yplioloi's General Store.
  2930 | D:3      | Found a sparkling altar of Nemelex Xobeh.
  3054 | D:3      | Noticed Ijyb
  3061 | D:3      | Killed Ijyb
  3062 | D:3      | Reached XP level 5. HP: 16/28 MP: 1/13
  3095 | D:3      | HP: 1/28 [jackal (2)]
  3102 | D:3      | HP: 1/28 [jackal (1)]
  3103 | D:3      | Gained mutation: Armour fits poorly on your strangely
                  | shaped body. [potion of mutation]
  3103 | D:3      | Slain by a jackal

Illustrated notes

Levels and vault maps discovered:
D:1:      lightli_arrival_lavapool, layout_basic,
          hellmonk_ecumenical_altar_slurped_away,
          nicolae_kite_square_tiling_tiny, moated_statue, minmay_tetromino_l4
D:2:      layout_basic, serial_shops, nicolae_shop_crystal, uniq_natasha
D:3:      layout_rooms, old_standard_altar, nemelex_spade_bored_becter,
          serial_shops, nicolae_shop_hallway_plus, uniq_ijyb

Skill      XL: |  1  2  3  4 |
---------------+-------------+-----
Poison Magic   | 1 2 |  2.1
Conjurations   | 2 |  2.6
Evocations     | 1 2 |  2.0
Spellcasting   | 4 |  4.2
Fire Magic     | 4 |  4.1
Dodging        | |  2.4
Stealth        | |  2.4

Action                   |  1- 3 |  4- 6 || total
-------------------------+-------+-------++-------
 Fire: Sling             |       |     5 ||     5
 Cast: Foxfire           |    72 |    68 ||   140
  Use: Potion            |       |     1 ||     1
Armor: Robe              |     3 |     5 ||     8
Dodge: Dodged            |     7 |    13 ||    20
